 Dungeon Crawl Stone Soup version 0.27-a0-1572-gacd6f1ce93 (webtiles) character file.

Game seed: 12486695096824394048

560 Conn the Magician (level 7, -1/55 HPs)
             Began as a Deep Elf Air Elementalist on July 17, 2021.
             Hit by a stone thrown by Duvessa (2 damage)
             ... on level 4 of the Dungeon.
             The game lasted 00:20:57 (5867 turns).

Conn the Magician (Deep Elf Air Elementalist)       Turns: 5867, Time: 00:20:58

Health: -1/55      AC:  2    Str: 11    XL:     7   Next: 9%
Magic:  15/18      EV: 13    Int: 20    God:
Gold:   148        SH:  5    Dex: 15    Spells: 4/18 levels left

rFire    + . .     SeeInvis .   j - +0 short sword
rCold    . . .     Faith    .   (no shield)
rNeg     . . .     Spirit   .   a - +0 robe
rPois    .         Reflect  +   (no helmet)
rElec    .         Harm     .   (no cloak)
rCorr    .         Rampage  .   (no gloves)
Will     .....     Clarity  +   (no boots)
Stlth    ..........             k - amulet of reflection
HPRegen  0.18/turn              p - +6 ring of strength
MPRegen  0.16/turn              (no ring)

@: berserking (expiring), attractive, flying, very quick
A: clarity, dopey 1, fire resistance 1
a: no special abilities


You were on level 4 of the Dungeon.
You visited 1 branch of the dungeon, and saw 5 of its levels.

You collected 148 gold pieces.

Inventory:

Hand Weapons
 j - a +0 short sword (weapon)
 t - a +1 hunting sling of flaming
Missiles
 f - 9 poisoned darts (quivered)
Armour
 a - a +0 robe (worn)
Jewellery
 k - an amulet of reflection (around neck)
 p - a +6 ring of strength (left hand)
 r - a ring of protection from fire
Scrolls
 b - a scroll of silence {unknown}
 d - 2 scrolls of magic mapping
 e - a scroll of blinking {unknown}
 i - 2 scrolls of teleportation
 n - 2 scrolls of enchant armour {unknown}
 o - 2 scrolls of identify {unknown}
 q - a scroll of brand weapon {unknown}
Potions
 g - a potion of attraction
 l - 2 potions of mutation
 m - a potion of curing
 s - a potion of lignification {unknown}


   Skills:
 + Level 0.5 Fighting
 + Level 0.2 Short Blades
 + Level 0.3 Throwing
 + Level 3.9 Dodging
 + Level 3.1 Stealth
 + Level 6.0 Spellcasting
 * Level 4.3 Conjurations
 + Level 1.1 Transmutations
 + Level 4.0 Air Magic
 * Level 1.9 Poison Magic


You had 4 spell levels left.
You knew the following spells:

 Your Spells              Type           Power      Damage    Failure   Level
a - Shock                 Conj/Air       88%        1d8       1%          1
b - Static Discharge      Conj/Air       22%        N/A       2%          2
c - Swiftness             Air            22%        N/A       6%          3
d - Sting                 Tmut/Pois      48%        1d5       5%          1
e - Airstrike             Air            11%        N/A       21%         4
f - Summon Guardian Gole  Hex/Summ       6%         N/A       30%         3

Your spell library contained the following spells:

 Spells                   Type           Power      Damage    Failure   Level
 Poisonous Vapours        Pois/Air       34%        N/A       4%          2
 Olgreb's Toxic Radiance  Pois           13%        N/A       43%         4
 Lightning Bolt           Conj/Air       11%        1d24      45%         5
 Orb of Destruction       Conj           11%        9d5       100%        7
 Spellforged Servitor     Conj/Summ      7%         N/A       100%        7
 Maxwell's Capacitive Co  Air            11%        ∞         100%        8


Dungeon Overview and Level Annotations

Branches:
Dungeon (5/15)
 Temple: D:4-7

Altars:

Shops:
D:2 (

Annotations:
D:4 Dowan, Duvessa, Eustachio


Innate Abilities, Weirdness & Mutations

You possess an exceptional clarity of mind.
You are dopey. (Int -2)
Your flesh is heat resistant. (rF+)


Message History

Duvessa throws a stone.
The stone hits your guardian golem but does no damage.
It was a potion of flight.
You feel very buoyant.
You fly up into the air.
Dowan gestures wildly while chanting.
Dowan blinks!
Duvessa hits your guardian golem with a +0 short sword!
Dowan is pulled toward you!
It was a potion of berserk rage.
A red film seems to cover your vision as you go berserk!
You feel yourself moving faster!
You feel mighty!
Dowan points at you and mumbles some strange words.
The puff of flame misses you.
Duvessa throws a stone.
You reflect the stone off an invisible shield around you!
The stone hits Duvessa!
Duvessa is pulled toward you!
You hit Duvessa but do no damage.
Duvessa is heavily wounded.
Dowan gestures at you while chanting. The puff of frost misses you.
You hit Duvessa but do no damage.
Duvessa is heavily wounded.
Duvessa completely misses you. Dowan hits you with a +0 whip.
You hit Duvessa but do no damage.
Duvessa is heavily wounded.
Duvessa hits you with a +0 short sword!
* * * LOW HITPOINT WARNING * * *
You barely miss Duvessa.
Duvessa is heavily wounded.
Dowan hits you with a +0 whip.
* * * LOW HITPOINT WARNING * * *
Duvessa closely misses you.
You barely miss Duvessa.
Duvessa is heavily wounded.
Dowan hits you with a +0 whip.
* * * LOW HITPOINT WARNING * * *
Duvessa barely misses you.
You feel a strong urge to attack something.
Duvessa throws a stone.
The stone hits you.
You die...

##
##.....................##
.##
#.....###..).........##
..## ##..####
#..........## ...##
##...# #...........####
....###...##
##..............#
.....##..##
#................
.........#
##.....#.........#
........##
#.....##..........
........##
##@...###.....##...
.........## ##....##
#....###### ###...#.e.#
##ee..## #....# #
##...###..###.8..##
##...## #...##
##..#....## ##...>##
...## ##......# #......##
..## #.....## ##..##...##
.## ##....# ##..####...##
# ## ##..## ##...#
##...###


You could see Duvessa, Dowan (ally target) and a friendly guardian golem
(summoned).

Vanquished Creatures
  A sky beast (D:5)
  An ogre (D:4)
  A necrophage (D:5)
  2 hounds
  An iguana (D:5)
  Jessica (D:2)
  A hound skeleton (D:4)
  Robin (D:3)
  7 adders
  A shadow imp (D:5)
  A worm (D:4)
  4 dart slugs
  3 orcs
  4 endoplasms
  4 giant cockroaches
  16 goblins
  11 hobgoblins
  A jackal (D:1)
  2 quokkas
  5 ball pythons
  5 bats
  2 frilled lizards (D:1)
  2 kobolds
  10 rats
87 creatures vanquished.

Vanquished Creatures (others)
  2 fungi (D:5)
2 creatures vanquished.

Grand Total: 89 creatures vanquished

Notes
Turn   | Place    | Note
-------+----------+-------------------------------------------
     0 | D:1      | Conn the Deep Elf Air Elementalist began the quest for the
                  | Orb.
     0 | D:1      | Reached XP level 1. HP: 10/10 MP: 6/6
   755 | D:1      | Reached XP level 2. HP: 15/15 MP: 6/8
  1269 | D:1      | Learned a level 2 spell: Static Discharge
  1270 | D:2      | Found Ufogaem's Antique Weapon Shoppe.
  1377 | D:2      | Reached XP level 3. HP: 16/19 MP: 1/10
  1451 | D:2      | Learned a level 3 spell: Swiftness
  1853 | D:2      | Reached XP level 4. HP: 14/24 MP: 2/11
  2176 | D:2      | Noticed Jessica
  2183 | D:2      | Killed Jessica
  2323 | D:2      | Found a faded altar of an unknown god.
  2730 | D:3      | Learned a level 1 spell: Sting
  2745 | D:3      | Reached skill level 4 in Spellcasting
  3041 | D:3      | Noticed Robin
  3069 | D:3      | Killed Robin
  3070 | D:3      | Reached XP level 5. HP: 23/28 MP: 1/13
  3893 | D:3      | Gained mutation: You are dopey. (Int -2) [potion of
                  | mutation]
  3893 | D:3      | Gained mutation: You possess an exceptional clarity of
                  | mind. [potion of mutation]
  3893 | D:3      | Gained mutation: Your flesh is heat resistant. (rF+)
                  | [potion of mutation]
  4194 | D:4      | Noticed Duvessa
  4267 | D:4      | Learned a level 4 spell: Airstrike
  4591 | D:4      | Noticed Dowan
  4864 | D:4      | Noticed Eustachio
  4867 | D:5      | Entered Level 5 of the Dungeon
  4873 | D:5      | Noticed a sky beast
  4910 | D:5      | Killed a sky beast
  4911 | D:5      | Reached skill level 5 in Spellcasting
  4911 | D:5      | Reached skill level 1 in Poison Magic
  4911 | D:5      | Reached XP level 6. HP: 15/32 MP: 6/15
  5479 | D:4      | Reached skill level 1 in Transmutations
  5479 | D:4      | Reached XP level 7. HP: 22/37 MP: 8/17
  5737 | D:4      | Reached skill level 6 in Spellcasting
  5839 | D:4      | Learned a level 3 spell: Summon Guardian Golem
  5865 | D:4      | HP: 1/55 [Dowan (4)]
  5867 | D:4      | Hit by a stone thrown by Duvessa

Illustrated notes

Levels and vault maps discovered:
D:1:      onia_arrival_handbag, layout_rooms, minmay_close_crescents
D:2:      layout_basic, serial_shops, shop_statue,
          shapermc_ecumenical_altar_starsandcircs, grunt_decor_arrowhead,
          grunt_ministairs_8, uniq_jessica
D:3:      layout_loops_corners, kennysheep_path_1, kennysheep_cross_room,
          uniq_robin
D:4:      layout_layer_cave, nemelex_dance_club_becter, uniq_duvessa,
          uniq_eustachio
D:5:      layout_basic, minmay_temple_entry_drinking_statues,
          uniq_crazy_yiuf_cottage

Skill      XL: |  1  2  3  4  5  6  7 |
---------------+----------------------+-----
Conjurations   | 2 3 4 |  4.3
Dodging        | 3 |  3.9
Spellcasting   | 4 5 6 |  6.0
Stealth        | 3 |  3.1
Poison Magic   | 1 |  1.9
Air Magic      | 4 |  4.0
Transmutations | 1 |  1.1
Fighting       | |  0.5
Short Blades   | |  0.2
Throwing       | |  0.3

Action                   |  1- 3 |  4- 6 |  7- 9 || total
-------------------------+-------+-------+-------++-------
Melee: Unarmed           |     1 |       |       ||     1
       Short sword       |       |    25 |     5 ||    30
Throw: Dart              |       |     6 |       ||     6
 Cast: Shock             |    69 |    94 |    10 ||   173
       Sting             |       |    17 |     2 ||    19
       Swiftness         |       |     1 |       ||     1
       Static Discharge  |       |     4 |       ||     4
       Summon Guardian G |       |       |     1 ||     1
  Use: Potion            |     1 |     3 |     4 ||     8
       Scroll            |       |     4 |       ||     4
 Stab: Sleeping          |     1 |     2 |       ||     3
       Distracted        |       |     1 |       ||     1
Armor: Robe              |     4 |     7 |     2 ||    13
Dodge: Dodged            |    19 |    40 |    10 ||    69
Block: Other             |     1 |     9 |     3 ||    13
       Reflection        |       |     1 |     2 ||     3

Table legend: (Time is in decaauts)
 A = Elapsed time spent in this place.
 B = Non-inter-level travel time spent in this place.
 C = Inter-level travel time spent in this place.
 D = Time resting spent in this place.
 E = Time spent auto-exploring this place.
 F = Levels seen in this place.
 G = Mean time per level.
                   A        B        C        D        E       F      G
               +--------+--------+--------+--------+--------+-----+--------+
         Total |   5854 |   5761 |     93 |    974 |   3533 |   5 | 1170.8 |
       Dungeon |   5854 |   5761 |     93 |    974 |   3533 |   5 | 1170.8 |
               +--------+--------+--------+--------+--------+-----+--------+

Top non-repeatable levels by time:
     D:2: 1384 daAuts
     D:4: 1341 daAuts
     D:3: 1293 daAuts
     D:1: 1254 daAuts
     D:5: 581 daAuts
